Map: Echo LE (Void)

Players

Javert - Winner!

  • Race: Zerg Zerg
  • League: Grandmaster

Belgrat

  • Race: Protoss Protoss
  • League: Grandmaster

VOD

Have the link to the VOD?

Description

Time

  • Played on: June 25, 2015, 11:01 p.m.
  • Length: 4:26
Show
View Real Time Build Order
Export as new Build Order

Javert Zerg - Winner!

Build Orders: Hatch First 

Get SALT Encoding   

  12  0:01  Drone  
  13  0:16  Overlord  
  13  0:18  Drone  
  14  0:35  Drone x2  
  16  0:40  Drone  
  17  0:56  Hatchery  
  16  1:01  Drone x2, Extractor  
  17  1:17  Spawning Pool  
  17  1:18  Drone  
  17  1:22  Drone  
  18  1:35  Drone  
  19  1:44  Overlord  
  19  1:54  Drone  
  20  2:04  Metabolic Boost  
  20  2:05  Queen  
  20  2:08  Queen  
  24  2:16  Zergling x6  
  27  2:25  Zergling x2  
  28  2:32  Zergling x4  
  30  2:52  Zergling x4  
  30  2:53  Zergling x4  
  30  2:58  Overlord  
  34  3:09  Overlord  
  34  3:23  Drone  
  34  3:24  Drone x9  
  44  3:39  Drone x2  
  44  3:40  Drone  
  46  3:52  Drone x2  
  46  4:02  Drone x3  
  46  4:03  Overlord  
  46  4:09  Extractor x2  
  46  4:12  Drone x3, Extractor  
  46  4:23  Hatchery  
Show
View Real Time Build Order
Export as new Build Order

Belgrat Protoss 

Build Orders: 1 Gate Expand 

Get SALT Encoding   

  12  0:01  Probe  
  13  0:14  Pylon  
  13  0:17  Probe  
  14  0:32  Probe (Chrono Boost)  
  14  0:33  Gateway  
  15  0:42  Probe (Chrono Boost)  
  16  0:43  Assimilator  
  16  0:49  Probe  
  17  1:01  Probe (Chrono Boost)  
  18  1:13  Probe (Chrono Boost)  
  19  1:20  Cybernetics Core  
  19  1:21  Probe  
  20  1:30  Pylon  
  22  1:35  Probe  
  21  1:44  Nexus  
  21  1:47  Probe  
  21  1:53  Assimilator  
  22  1:57  Adept  
  22  2:00  Warp Gate  
  24  2:02  Probe (Chrono Boost)  
  25  2:13  Pylon  
  25  2:15  Probe (Chrono Boost)  
  27  2:23  Probe (Chrono Boost)  
  27  2:27  Forge  
  27  2:32  Probe  
  28  2:41  Robotics Facility  
  28  2:47  Stalker (Chrono Boost)  
  30  2:54  Probe  
  30  2:57  Probe  
  32  3:15  Photon Cannon  
  32  3:17  Gateway  
  32  3:20  Pylon  
  32  3:21  Probe (Chrono Boost)  
  32  3:27  Probe (Chrono Boost)  
Tags
 
Add a new tag
Caveats
  • Supply blocks, unpowered buildings, or Contaminate may cause inaccurate times.
  • Supply counts are checked every 10 seconds.